 Dungeon Crawl Stone Soup version 0.31.0 (webtiles) character file.

Game seed: 5448737711270317683

172 gelatine the Shooter (level 5, -9/42 HPs)
             Began as a Demigod Hunter on Jan 20, 2024.
             Mangled by a gnoll
             ... wielding a +0 halberd
              (12 damage)
             ... on level 3 of the Dungeon.
             The game lasted 00:03:19 (1798 turns).

gelatine the Shooter (Demigod Hunter)               Turns: 1798, Time: 00:03:20

Health: -9/42      AC:  5    Str: 12    XL:     5   Next: 5%
Magic:  7/7        EV: 12    Int: 11    God:
Gold:   64         SH:  0    Dex: 21    Spells: 4/4 levels left

rFire   . . .        a - +0 shortbow
rCold   . . .        (shield currently unavailable)
rNeg    . . .        c - +0 leather armour
rPois   .            g - +1 helmet
rElec   .            (no cloak)
rCorr   .            (no gloves)
SInv    .            (no boots)
Will    .....        (no amulet)
Stlth   ++           (no ring)
HPRegen 0.27/turn    (no ring)
MPRegen 0.10/turn

%: no passive effects
@: no status effects
A: high MP 1, forlorn, divine attributes
a: no special abilities


You were on level 3 of the Dungeon.
You visited 1 branch of the dungeon, and saw 3 of its levels.

You collected 64 gold pieces.

Inventory:

Hand Weapons
 a - a +0 shortbow (weapon)
 l - a +0 sling
Armour
 c - a +0 leather armour (worn)
 g - a +1 helmet (worn)
Scrolls
 b - a scroll of butterflies
 d - a scroll of poison {unknown}
 e - a scroll of identify {unknown}
 h - a scroll of torment {unknown}
 j - a scroll of silence {unknown}
 k - a scroll of enchant armour {unknown}
Potions
 f - a potion of cancellation {unknown}
 i - a potion of curing {unknown}


   Skills:
 * Level 2.3 Fighting
 * Level 5.2 Ranged Weapons
 * Level 1.2 Armour
 * Level 2.3 Dodging
 * Level 1.4 Stealth


You had 4 spell levels left.
You didn't know any spells.
Your spell library contained the following spells:

 Spells                   Type           Power      Damage    Failure   Level
 Ensorcelled Hibernation  Hex/Ice        0%         N/A       56%         2
 Passwall                 Erth           0%         N/A       80%         3
 Swiftness                Air            0%         N/A       80%         3


Dungeon Overview and Level Annotations

Branches:
Dungeon (3/15)


Innate Abilities, Weirdness & Mutations

You have an increased reservoir of magic. (+10% MP)
You shall have no god before yourself.
Your divine heritage dramatically boosts your attributes as you level up.


Message History

You are too injured to fight recklessly!
Fire: a) +0 shortbow
Press: ? - help, Q - select action Shift-Dir - straight line, f/p - gnoll
Aim: a gnoll, wielding a +0 spear (moderately wounded, 69% to hit)
You shoot an arrow. The arrow hits the gnoll.
The gnoll is severely wounded.
The gnoll hits you but does no damage.
Fire: a) +0 shortbow
Press: ? - help, Q - select action Shift-Dir - straight line, f/p - gnoll
Aim: a gnoll, wielding a +0 spear (severely wounded, 69% to hit)
You shoot an arrow. The arrow hits the gnoll!
You kill the gnoll!
The gnoll hits you from afar with a +0 halberd.
* * * LOW HITPOINT WARNING * * *
You have reached level 5!
Fire: a) +0 shortbow
Press: ? - help, Q - select action Shift-Dir - straight line, f - gnoll
Aim: a gnoll, wielding a +0 halberd (moderately wounded, 69% to hit)
You shoot an arrow. The arrow hits the gnoll.
The gnoll is heavily wounded.
The gnoll hits you from afar with a +0 halberd!
* * * LOW HITPOINT WARNING * * *
Fire: a) +0 shortbow
Press: ? - help, Q - select action Shift-Dir - straight line, f/p - gnoll
Aim: a gnoll, wielding a +0 halberd (heavily wounded, 69% to hit)
You shoot an arrow. The arrow hits the gnoll.
The gnoll is severely wounded.
The gnoll barely misses you.
Fire: a) +0 shortbow
Press: ? - help, Q - select action Shift-Dir - straight line, f/p - gnoll
Aim: a gnoll, wielding a +0 halberd (severely wounded, 69% to hit)
You shoot an arrow. The arrow closely misses the gnoll.
The gnoll closely misses you.
Unknown command.
Fire: a) +0 shortbow
Press: ? - help, Q - select action Shift-Dir - straight line, f/p - gnoll
Aim: a gnoll, wielding a +0 halberd (severely wounded, 69% to hit)
You shoot an arrow. The arrow completely misses the gnoll.
The gnoll hits you from afar with a +0 halberd!
You die...

#.....P...♣...#^.# ###
#...♣♣♣.♣..P♣...# ... ..#
##...♣♣♣♣♣♣♣♣...## ... ....
##...# #........ ...? .#
#..###†.# #...)..## ..... ##.#
#......# ####...## .....###..
#####.(### ###...
.......#.########.....### ##..
.....#......)g)@...)....######.#
.........♣#♣.♣##................
.............###.)......#####...
<...)...#♣.♣.♣.................#
........##...................#..
.......>#♣.♣#♣##)#......#..#....
........##.. ..#............#.
........###.< ..........#####.#.
........# ........###... #....)


You could see a gnoll.

Vanquished Creatures
  A bombardier beetle (D:3)
  An adder (D:3)
  7 gnolls
  2 dart slugs
  3 ribbon worms
  4 orcs (D:3)
  3 endoplasms
  2 giant cockroaches (D:2)
  5 goblins
  8 hobgoblins
  2 jackals (D:1)
  4 kobolds
  A quokka (D:2)
  4 ball pythons
  A bat (D:2)
  2 rats (D:2)
50 creatures vanquished.

Notes
Turn   | Place    | Note
-------+----------+-------------------------------------------
     0 | D:1      | gelatine the Demigod Hunter began the quest for the Orb.
     0 | D:1      | Reached XP level 1. HP: 17/17 MP: 3/3
   200 | D:1      | Reached skill level 4 in Ranged Weapons
   212 | D:1      | Reached XP level 2. HP: 24/24 MP: 4/4
   934 | D:2      | Reached skill level 1 in Stealth
   934 | D:2      | Reached XP level 3. HP: 29/29 MP: 5/5
  1468 | D:2      | Reached XP level 4. HP: 36/36 MP: 6/6
  1579 | D:3      | Reached skill level 1 in Armour
  1590 | D:3      | Reached skill level 5 in Ranged Weapons
  1795 | D:3      | Reached XP level 5. HP: 11/42 MP: 7/7
  1795 | D:3      | HP: 2/42 [gnoll/+0 halberd (9)]
  1798 | D:3      | Mangled by a gnoll

Illustrated notes

Levels and vault maps discovered:
D:1:      giann_forest_graveyard, layout_loops_ring, minmay_misc_feat_cross,
          chequers_serial_rivers_marsh, minmay_distorted
D:2:      layout_loops_cross, minmay_cupped
D:3:      layout_rooms, serial_forest, infiniplex_forest_lined_room_,
          infiniplex_forest_straight_3, infiniplex_forest_end_3,
          infiniplex_forest_lined_3_way, infiniplex_forest_straight_4,
          infiniplex_forest_end_double, infiniplex_forest_lined_3,
          infiniplex_forest_zigzag_1, infiniplex_forest_3_way,
          infiniplex_forest_clump_double, chequers_serial_rivers_room_a,
          nicolae_underground_beach

Skill      XL: |  1  2  3  4 |
---------------+-------------+-----
Ranged Weapons | 4 5 |  5.2
Dodging        | 2 |  2.3
Stealth        | 1 |  1.4
Fighting       | 2 |  2.3
Armour         | 1 |  1.2

Action                     |  1- 3 |  4- 6 || total
---------------------------+-------+-------++-------
   Fire: Shortbow          |    84 |    64 ||   148
 Armour: Leather armour    |    16 |    24 ||    40
  Dodge: Dodged            |    20 |    19 ||    39
